TOP OF THE 1ST |
Smoky Mountain Hobeaus batting - Pitching for Alameda Airmen : LHP Dave O'Reilly
|
Pitching: LHP Dave O'Reilly
|
|
Batting: RHB Blair Sparks
|
0-0: Ball 1-0: Called Strike 1-1: Ball 2-1: SINGLE (Flyball, 3D, EV 98.8 MPH)
|
Batting: RHB Henry White
|
0-0: Ball 1-0: Called Strike 1-1: Fly out, F8 (Flyball, 8RD, EV 91.9 MPH)
|
Batting: LHB Gareth Holz
|
0-0: Swinging Strike 0-1: Ball 1-1: Swinging Strike 1-2: Foul Ball, location: 2F 1-2: Strikes out looking
|
Batting: LHB Vincent Nornabell
|
0-0: Ball 1-0: Fly out, F8 (Flyball, 89M, EV 76.2 MPH)
|
Top of the 1st over - 0 runs, 1 hit, 0 errors, 1 left on base; Smoky Mountain 0 - Alameda 0 |
BOTTOM OF THE 1ST |
Alameda Airmen batting - Pitching for Smoky Mountain Hobeaus : LHP Christopher Parkin
|
Pitching: LHP Christopher Parkin
|
|
Batting: RHB Ánibal Rodríguez
|
0-0: Ball 1-0: Ball 2-0: Called Strike 2-1: Ground out 6-3 (Groundball, 6, EV 80.6 MPH)
|
Batting: RHB Carlos García
|
0-0: Foul Ball, location: 2F 0-1: Foul Ball, location: 2F 0-2: Foul Ball, location: 2F 0-2: SINGLE (Line Drive, 9LS, EV 101.9 MPH)
|
Batting: RHB Arturo Llanet
|
0-0: Foul Ball, location: 2F 0-1: Grounds into double play, 4-6-3 (Groundball, 4M, EV 84.4 MPH)
|
Bottom of the 1st over - 0 runs, 1 hit, 0 errors, 0 left on base; Smoky Mountain 0 - Alameda 0 |
TOP OF THE 2ND |
Smoky Mountain Hobeaus batting - Pitching for Alameda Airmen : LHP Dave O'Reilly
|
Batting: RHB Arturo Carrión
|
0-0: Called Strike 0-1: Ball 1-1: Ball 2-1: Swinging Strike 2-2: Strikes out swinging
|
Batting: RHB Ron Frazier
|
0-0: Ball 1-0: Ball 2-0: SINGLE (Groundball, 56D, EV 106.9 MPH)
|
Batting: LHB Ángel López
|
0-0: Foul Ball, location: 2F 0-1: Called Strike 0-2: Ball 1-2: Foul Ball, location: 2F 1-2: Ball 2-2: Fly out, F9 (Flyball, 9S, EV 88.8 MPH)
|
Batting: LHB Jeremias Brem
|
0-0: Called Strike 0-1: Ball 1-1: Foul Ball, location: 2F 1-2: Ball 2-2: Ball 3-2: Strikes out swinging
|
Top of the 2nd over - 0 runs, 1 hit, 0 errors, 1 left on base; Smoky Mountain 0 - Alameda 0 |
BOTTOM OF THE 2ND |
Alameda Airmen batting - Pitching for Smoky Mountain Hobeaus : LHP Christopher Parkin
|
Batting: LHB Juan Gutiérrez
|
0-0: Ball 1-0: Called Strike 1-1: Foul Ball, location: 2F 1-2: Fly out, F8 (Flyball, 8RM, EV 93.1 MPH)
|
Batting: LHB Sergio Palma
|
0-0: Ball 1-0: Ground out 1-3 (Groundball, 13, EV 66.9 MPH)
|
Batting: RHB Thomas Austin
|
0-0: Ball 1-0: Swinging Strike 1-1: Ball 2-1: Called Strike 2-2: Strikes out looking
|
Bottom of the 2nd over - 0 runs, 0 hits, 0 errors, 0 left on base; Smoky Mountain 0 - Alameda 0 |
TOP OF THE 3RD |
Smoky Mountain Hobeaus batting - Pitching for Alameda Airmen : LHP Dave O'Reilly
|
Batting: SHB Mario Melara
|
0-0: Hit by Pitch
|
Batting: RHB Blair Sparks
|
0-0: Called Strike 0-1: Ball 1-1: Ball 2-1: Grounds into double play, 6-4-3 (Groundball, 6, EV 104.4 MPH)
|
Batting: RHB Henry White
|
0-0: Called Strike 0-1: Ball 1-1: Swinging Strike 1-2: Foul Ball, location: 2F 1-2: Ball 2-2: Ground out 1-3 (Groundball, 13S, EV 65.0 MPH)
|
Top of the 3rd over - 0 runs, 0 hits, 0 errors, 0 left on base; Smoky Mountain 0 - Alameda 0 |
BOTTOM OF THE 3RD |
Alameda Airmen batting - Pitching for Smoky Mountain Hobeaus : LHP Christopher Parkin
|
Batting: LHB Max Rafter
|
0-0: Called Strike 0-1: Swinging Strike 0-2: Ball 1-2: Strikes out swinging, 2-3 out at first.
|
Batting: RHB Cipriano Juárez
|
0-0: Called Strike 0-1: Ball 1-1: Swinging Strike 1-2: Ball 2-2: SINGLE (Groundball, 56S, EV 63.1 MPH) (infield hit)
|
Batting: RHB Armando Moreno
|
0-0: Called Strike 0-1: Ball 1-1: Ball Wild Pitch! Cipriano Juárez to second 2-1: Swinging Strike 2-2: Ground out 6-3 (Groundball, 6, EV 92.5 MPH)
|
Batting: RHB Ánibal Rodríguez
|
0-0: Called Strike 0-1: Foul Ball, location: 2F 0-2: Strikes out swinging
|
Bottom of the 3rd over - 0 runs, 1 hit, 0 errors, 1 left on base; Smoky Mountain 0 - Alameda 0 |
TOP OF THE 4TH |
Smoky Mountain Hobeaus batting - Pitching for Alameda Airmen : LHP Dave O'Reilly
|
Batting: LHB Gareth Holz
|
0-0: Called Strike 0-1: Called Strike 0-2: Strikes out swinging
|
Batting: LHB Vincent Nornabell
|
0-0: Ball 1-0: SINGLE (Line Drive, 89M, EV 108.8 MPH)
|
Batting: RHB Arturo Carrión
|
0-0: Called Strike 0-1: Called Strike Vincent Nornabell is caught stealing 2nd base 2-4 0-2: Ground out 3-1 (Groundball, 34, EV 85.0 MPH)
|
Top of the 4th over - 0 runs, 1 hit, 0 errors, 0 left on base; Smoky Mountain 0 - Alameda 0 |
BOTTOM OF THE 4TH |
Alameda Airmen batting - Pitching for Smoky Mountain Hobeaus : LHP Christopher Parkin
|
Batting: RHB Carlos García
|
0-0: Ball 1-0: Foul Ball, location: 2F 1-1: Ball 2-1: Fly out, F8 (Flyball, 8RM, EV 75.6 MPH)
|
Batting: RHB Arturo Llanet
|
0-0: Ball 1-0: Called Strike 1-1: Foul Ball, location: 2F 1-2: Ball 2-2: Foul Ball, location: 2F 2-2: DOUBLE (Flyball, 78XD, EV 105.6 MPH)
|
Batting: LHB Juan Gutiérrez
|
0-0: Swinging Strike 0-1: Ball 1-1: 2-RUN HOME RUN (Flyball, 89XD, EV 100.0 MPH), Distance : 394 ft
|
Batting: LHB Sergio Palma
|
0-0: Ball 1-0: Ball 2-0: Swinging Strike 2-1: Fly out, F8 (Flyball, 89M, EV 71.9 MPH)
|
Batting: RHB Thomas Austin
|
0-0: Ball 1-0: Foul Ball, location: 2F 1-1: Called Strike 1-2: SOLO HOME RUN (Line Drive, 78XD, EV 115.0 MPH), Distance : 429 ft
|
Batting: LHB Max Rafter
|
0-0: Foul Ball, location: 2F 0-1: Ball 1-1: Ball 2-1: Ball 3-1: Called Strike 3-2: Fly out, F3 (Popup, 3, EV 63.8 MPH)
|
Bottom of the 4th over - 3 runs, 3 hits, 0 errors, 0 left on base; Smoky Mountain 0 - Alameda 3 |
TOP OF THE 5TH |
Smoky Mountain Hobeaus batting - Pitching for Alameda Airmen : LHP Dave O'Reilly
|
Batting: RHB Ron Frazier
|
0-0: Called Strike 0-1: Called Strike 0-2: Foul Ball, location: 2F 0-2: Strikes out looking
|
Batting: LHB Ángel López
|
0-0: Called Strike 0-1: Ball 1-1: Ball 2-1: Ball 3-1: Called Strike 3-2: Strikes out swinging
|
Batting: LHB Jeremias Brem
|
0-0: Foul Ball, location: 2F 0-1: Ball 1-1: Ball 2-1: Called Strike 2-2: Ball 3-2: Ground out 6-3 (Groundball, 6, EV 85.6 MPH)
|
Top of the 5th over - 0 runs, 0 hits, 0 errors, 0 left on base; Smoky Mountain 0 - Alameda 3 |
BOTTOM OF THE 5TH |
Alameda Airmen batting - Pitching for Smoky Mountain Hobeaus : LHP Christopher Parkin
|
Batting: RHB Cipriano Juárez
|
0-0: Called Strike 0-1: Ball 1-1: Foul Ball, location: 2F 1-2: Ball 2-2: Foul Ball, location: 2F 2-2: Fly out, F5 (Line Drive, 5L, EV 64.4 MPH)
|
Batting: RHB Armando Moreno
|
0-0: Ball 1-0: Called Strike 1-1: Ground out 6-3 (Groundball, 56, EV 83.8 MPH)
|
Batting: RHB Ánibal Rodríguez
|
0-0: Ball 1-0: Ball 2-0: TRIPLE (Flyball, 78XD, EV 103.1 MPH)
|
Batting: RHB Carlos García
|
0-0: Called Strike 0-1: Foul Ball, location: 2F 0-2: Fly out, F9 (Line Drive, 9LM, EV 109.4 MPH)
|
Bottom of the 5th over - 0 runs, 1 hit, 0 errors, 1 left on base; Smoky Mountain 0 - Alameda 3 |
TOP OF THE 6TH |
Smoky Mountain Hobeaus batting - Pitching for Alameda Airmen : LHP Dave O'Reilly
|
Batting: SHB Mario Melara
|
0-0: Called Strike 0-1: Fly out, F6 (Popup, 4M, EV 65.6 MPH)
|
Batting: RHB Blair Sparks
|
0-0: Ball 1-0: Ball 2-0: Swinging Strike 2-1: Foul Ball, location: 2F 2-2: Ball 3-2: Base on Balls
|
Batting: RHB Henry White
|
0-0: Swinging Strike 0-1: Foul Ball, location: 2F 0-2: Ball 1-2: SINGLE (Line Drive, 34, EV 96.9 MPH) Blair Sparks to second Runner from 2nd tries for 3rd, SAFE, throw by RF made to third
|
Batting: LHB Gareth Holz
|
0-0: Ball 1-0: Ball 2-0: Fly out, F5 (Popup, 25, EV 80.6 MPH)
|
Pinch Hitting: RHB Joe Brown
|
0-0: Fly out, F7 (Line Drive, 7, EV 93.8 MPH)
|
Top of the 6th over - 0 runs, 1 hit, 0 errors, 2 left on base; Smoky Mountain 0 - Alameda 3 |
BOTTOM OF THE 6TH |
Alameda Airmen batting - Pitching for Smoky Mountain Hobeaus : LHP Christopher Parkin
|
Now in LF: Brad Murdoch
|
|
Batting: RHB Arturo Llanet
|
0-0: Ball 1-0: Fly out, F7 (Flyball, 7, EV 91.2 MPH)
|
Batting: LHB Juan Gutiérrez
|
0-0: Ball 1-0: Ball 2-0: SINGLE (Flyball, 89S, EV 85.0 MPH)
|
Batting: LHB Sergio Palma
|
0-0: Called Strike 0-1: Ball 1-1: Ball 2-1: Ball 3-1: SINGLE (Line Drive, 8RS, EV 107.5 MPH) Juan Gutiérrez to second
|
Batting: RHB Thomas Austin
|
0-0: Called Strike 0-1: Foul Ball, location: 2F 0-2: Foul Ball, location: 2F 0-2: Ball 1-2: Fielders Choice at 2nd, 3-6 (Groundball, 13, EV 87.5 MPH) Juan Gutiérrez to third
|
Pitching: LHP Chris Quesenberry
|
|
Batting: LHB Max Rafter
|
0-0: Ball 1-0: Ball 2-0: Called Strike 2-1: Called Strike 2-2: Foul Ball, location: 2F 2-2: Foul Ball, location: 2F 2-2: Strikes out swinging
|
Bottom of the 6th over - 0 runs, 2 hits, 0 errors, 2 left on base; Smoky Mountain 0 - Alameda 3 |
TOP OF THE 7TH |
Smoky Mountain Hobeaus batting - Pitching for Alameda Airmen : LHP Dave O'Reilly
|
Batting: RHB Arturo Carrión
|
0-0: Ground out 5-3 (Groundball, 56, EV 100.6 MPH)
|
Batting: RHB Ron Frazier
|
0-0: Called Strike 0-1: Called Strike 0-2: Ball 1-2: Strikes out swinging
|
Pitching: RHP John Woods
|
|
Batting: LHB Ángel López
|
0-0: Foul Ball, location: 2F 0-1: Ball 1-1: Ball 2-1: Ground out 4-3 (Groundball, 34, EV 103.1 MPH)
|
Top of the 7th over - 0 runs, 0 hits, 0 errors, 0 left on base; Smoky Mountain 0 - Alameda 3 |
BOTTOM OF THE 7TH |
Alameda Airmen batting - Pitching for Smoky Mountain Hobeaus : LHP Chris Quesenberry
|
Batting: RHB Cipriano Juárez
|
0-0: Ball 1-0: Foul Ball, location: 2F 1-1: Called Strike 1-2: Ball 2-2: Ground out 5-3 (Groundball, 5, EV 95.6 MPH)
|
Batting: RHB Armando Moreno
|
0-0: Ground out 4-3 (Groundball, 4, EV 106.2 MPH)
|
Batting: RHB Ánibal Rodríguez
|
0-0: Called Strike 0-1: Ball 1-1: Called Strike 1-2: Ground out 3-1 (Groundball, 13, EV 86.2 MPH)
|
Bottom of the 7th over - 0 runs, 0 hits, 0 errors, 0 left on base; Smoky Mountain 0 - Alameda 3 |
TOP OF THE 8TH |
Smoky Mountain Hobeaus batting - Pitching for Alameda Airmen : RHP John Woods
|
Batting: LHB Jeremias Brem
|
0-0: Ball 1-0: Called Strike 1-1: Foul Ball, location: 2F 1-2: Foul Ball, location: 2F 1-2: Ball 2-2: Foul Ball, location: 2F 2-2: Ball 3-2: TRIPLE (Line Drive, 89XD, EV 95.6 MPH)
|
Batting: SHB Mario Melara
|
0-0: Called Strike 0-1: Fly out, F3 (Popup, 23F, EV 83.1 MPH)
|
Batting: RHB Blair Sparks
|
0-0: Foul Ball, location: 2F 0-1: Ball 1-1: SINGLE (Groundball, 56D, EV 106.2 MPH) Jeremias Brem scores
|
Batting: RHB Henry White
|
0-0: Foul Ball, location: 2F 0-1: Ground out 5-3 (Groundball, 56S, EV 66.9 MPH) Blair Sparks to second
|
Batting: LHB Gareth Holz
|
0-0: Called Strike Passed Ball! Blair Sparks to third 0-1: Ball 1-1: Ball 2-1: Ball 3-1: Base on Balls
|
Pitching: RHP Cam Scammell
|
|
Batting: LHB Brad Murdoch
|
0-0: Called Strike 0-1: Ball 1-1: Foul Ball, location: 2F 1-2: Ball 2-2: Ball 3-2: Strikes out looking
|
Top of the 8th over - 1 run, 2 hits, 0 errors, 2 left on base; Smoky Mountain 1 - Alameda 3 |
BOTTOM OF THE 8TH |
Alameda Airmen batting - Pitching for Smoky Mountain Hobeaus : LHP Chris Quesenberry
|
Batting: RHB Carlos García
|
0-0: SINGLE (Line Drive, 8LS, EV 87.5 MPH)
|
Batting: RHB Arturo Llanet
|
0-0: Called Strike 0-1: Called Strike Carlos García steals 2nd, throwing error, E2 Carlos García to third 0-2: Ball 1-2: SINGLE (Groundball, 56, EV 105.6 MPH) Carlos García scores
|
Batting: LHB Juan Gutiérrez
|
0-0: Ball 1-0: Ball 2-0: Ball 3-0: Base on Balls Arturo Llanet to second
|
Batting: LHB Sergio Palma
|
0-0: Fly out, F7 (Flyball, 7, EV 85.6 MPH)
|
Batting: RHB Thomas Austin
|
0-0: Foul Ball, location: 2F 0-1: Swinging Strike 0-2: Foul Ball, location: 2F 0-2: Ball Wild Pitch! Arturo Llanet to third Juan Gutiérrez to second 1-2: Foul Ball, location: 2F 1-2: Strikes out swinging
|
Batting: LHB Max Rafter
|
0-0: Ball 1-0: Foul Ball, location: 2F 1-1: Foul Ball, location: 2F 1-2: Ball 2-2: Ground out 1-3 (Groundball, 13, EV 66.2 MPH)
|
Bottom of the 8th over - 1 run, 2 hits, 1 error, 2 left on base; Smoky Mountain 1 - Alameda 4 |
TOP OF THE 9TH |
Smoky Mountain Hobeaus batting - Pitching for Alameda Airmen : RHP Cam Scammell
|
Pitching: RHP Eric Morgan
|
|
Batting: RHB Arturo Carrión
|
0-0: Ball 1-0: Foul Ball, location: 2F 1-1: Swinging Strike 1-2: Strikes out swinging
|
Pinch Hitting: LHB Roque Verde
|
0-0: Called Strike 0-1: Fly out, F8 (Flyball, 89S, EV 91.2 MPH)
|
Batting: LHB Ángel López
|
0-0: Foul Ball, location: 2F 0-1: Foul Ball, location: 2F 0-2: Foul Ball, location: 2F 0-2: Ball 1-2: Ball 2-2: Hit by Pitch
|
Batting: LHB Jeremias Brem
|
0-0: Swinging Strike 0-1: Ball 1-1: Swinging Strike 1-2: Foul Ball, location: 2F 1-2: Strikes out swinging
|
Top of the 9th over - 0 runs, 0 hits, 0 errors, 1 left on base; Smoky Mountain 1 - Alameda 4 |
|